 Dungeon Crawl Stone Soup version 0.19.1 (webtiles) character file.

2218 nomor the Nimble (level 9, 0/48 HPs)
             Began as a Spriggan Assassin on Dec 24, 2016.
             Was a High Priest of Jiyva.
             Slain by an orc warrior
             ... wielding a +0 halberd
              (14 damage)
             ... on level 8 of the Dungeon.
             The game lasted 00:57:53 (9698 turns).

nomor the Nimble (Spriggan Assassin)                Turns: 9698, Time: 00:57:54

Health: 0/48       AC:  7    Str:  8    XL:     9   Next: 13%
Magic:  10/10      EV: 28    Int: 11    God:    Jiyva [*****.]
Gold:   226        SH:  0    Dex: 21    Spells: 0 memorised, 8 levels left

rFire  + . .     SeeInvis +     k - +4 dagger
rCold  x . .     Gourm    .     v - +1 robe of Neaguser {rCorr}
rNeg   + . .     Faith    .     (shield restricted)
rPois  .         Spirit   .     (helmet restricted)
rElec  .         Reflect  .     d - +0 cloak
rCorr  +         Harm     .     (gloves unavailable)
MR     +....                    (boots unavailable)
Stlth  +++++.....               A - macabre finger necklace {rN+}
                                g - +3 ring of protection
                                h - ring of fire
                                (no ring)

@: very quick
A: unfitting armour, see invisible, herbivore 3, speed 3, slow metabolism 2,
translucent skin 1
a: Request Jelly, Slimify, Cure Bad Mutation, Renounce Religion


You were on level 8 of the Dungeon.
You worshipped Jiyva.
Jiyva was extremely pleased with you.
You were completely stuffed.

You visited 2 branches of the dungeon, and saw 9 of its levels.

You collected 226 gold pieces.

Inventory:

Hand Weapons
 b - a +0 blowgun
 k - a +4 dagger (weapon)
 q - a +2 whip of freezing
 r - a +1 dagger of venom
 t - a +0 hand axe of chopping
Missiles
 e - 33 poisoned needles
 f - 2 curare-tipped needles
Armour
 d - a +0 cloak (worn)
 v - the +1 robe of Neaguser (worn) {rCorr}
   (You found it on level 6 of the Dungeon)

   It protects you from acid and corrosion.
Jewellery
 g - a +3 ring of protection (right hand)
 h - a ring of fire (left hand)
 A - the macabre finger necklace (around neck) {rN+}
   (You found it on level 8 of the Dungeon)

   [amulet of nothing]

   It protects you from negative energy.
Wands
 n - a wand of disintegration (24/24)
Scrolls
 a - a scroll of fog
 i - 2 scrolls of teleportation
 p - 4 scrolls of remove curse
 u - a scroll of fear
 y - a scroll of identify
Potions
 c - a potion of haste {unknown}
 j - a potion of heal wounds {unknown}
 o - a potion of lignification {unknown}
Books
 s - a book of Conjurations

   Spells                             Type                      Level
   a - Magic Dart                     Conjuration                  1
   b - Searing Ray                    Conjuration                  2
   c - Dazzling Spray                 Conjuration/Hexes            3
   d - Fulminant Prism                Conjuration/Hexes            4
   e - Iskenderun's Mystic Blast      Conjuration                  4
   f - Iskenderun's Battlesphere      Conjuration/Charms           5
 z - a book of Frost

   Spells                             Type                      Level
   a - Freeze                         Ice                          1
   b - Throw Frost                    Conjuration/Ice              2
   c - Ozocubu's Armour               Charms/Ice                   3
   d - Throw Icicle                   Conjuration/Ice              4
   e - Summon Ice Beast               Ice/Summoning                4
Comestibles
 m - 2 bread rations
 x - 3 fruits


   Skills:
 + Level 6.0 Fighting
 * Level 5.9 Short Blades
 - Level 2.0 Throwing
 + Level 10.1 Dodging
 * Level 9.2 Stealth


You had 8 spell levels left.
You didn't know any spells.

Dungeon Overview and Level Annotations

Branches:
Dungeon (8/15)             Temple (1/1) D:5
   Lair: D:8-11

Altars:
Ashenzari
Cheibriados
Dithmenos
Elyvilon
Fedhas
Gozag
Hepliaklqana
Kikubaaqudgha
Makhleb
Nemelex Xobeh
Okawaru
Qazlal
Ru
Sif Muna
Trog
Uskayaw
Vehumet
Xom
Yredelemnul
Zin
The Shining One
Jiyva


Innate Abilities, Weirdness & Mutations

You are very small and have problems with some larger weapons.
You are too small for most types of armour.
You have supernaturally acute eyesight. (SInv)
You are a herbivore.
You cover ground extremely quickly.
You need consume almost no food.
Your translucent skin slightly reduces your foes' accuracy. (Stealth)


Message History

Unknown command.
You hit the scorpion but do no damage.
The scorpion is heavily wounded.
The orc warrior hits you from afar with a halberd!
The scorpion misses you.
Unknown command.
You hit the scorpion.
The scorpion is heavily wounded.
The orc warrior completely misses you.
Unknown command.
You hit the scorpion.
The scorpion is heavily wounded.
The orc wizard completely misses you. The scorpion stings you!
* * * LOW HITPOINT WARNING * * *
Unknown command.
You hit the scorpion but do no damage.
The scorpion is heavily wounded.
The orc wizard barely misses you.
The orc warrior hits you from afar with a halberd!
You die...

......# ......## ##.....#
##....## ####
##....###..#
#####........##
....#.........####
.............oos.####
.....<...s.....#@o..#
#..............####.....#
###.............# #^.##
#..............# .#
#######...###### #####


You could see an orc warrior, a scorpion and 2 orc wizards.

Vanquished Creatures
  Pikel (D:4)
  A komodo dragon (D:7)
  A hippogriff (D:8)
  Sigmund (D:5)
  Menkaure (D:7)
  An orc warrior (D:7)
  A sky beast (D:8)
  2 phantoms
  A centaur (D:7)
  A bullfrog (D:7)
  A scorpion (D:8)
  3 wights (D:6)
  A crimson imp (D:6)
  A hound (D:4)
  2 centaur skeletons
  An orc priest (D:3)
  3 orc wizards
  An iguana (D:8)
  3 worker ants
  A hound zombie (D:7)
  6 adders
  2 river rats (D:5)
  2 shadow imps (D:7)
  An adder zombie (D:5)
  An adder skeleton (D:8)
  A worm (D:3)
  2 dart slugs (D:2)
  3 leopard geckos
  20 orcs
  A ball python (D:2)
  4 giant cockroaches
  6 hobgoblins
  4 jackals (D:4)
  A quokka (D:4)
  5 bats
  3 frilled lizards
  6 goblins
  7 kobolds
  A quokka zombie (D:7)
  5 rats
109 creatures vanquished.

Vanquished Creatures (others)
  A two-headed ogre (D:3)
  A hungry ghost (D:4)
  2 slaves (D:4)
  2 ogres
  An orc warrior (D:6)
  A phantom (D:4)
  A black bear (D:6)
  A centaur (D:6)
  The ghost of Faustar the Cudgeler, an amateur GrFi (D:3)
  2 wights (D:6)
  A howler monkey (D:4)
  18 jellies
  2 crimson imps
  2 orc wizards
  An orc priest (D:6)
  Terence (D:2)
  A hound skeleton (D:4)
  A howler monkey zombie (D:5)
  2 adders
  A shadow imp (D:6)
  A worm (D:2)
  A dart slug (D:3)
  2 leopard geckos (D:5)
  10 orcs
  2 goblins (D:3)
  2 hobgoblins (D:3)
  A kobold (D:2)
  3 frilled lizards
  A giant cockroach zombie (D:6)
  A jackal skeleton (D:5)
  A quokka skeleton (D:5)
  2 rats
  A plant (D:4)
71 creatures vanquished.

Grand Total: 180 creatures vanquished

Notes
Turn   | Place    | Note
-------+----------+-------------------------------------------
     0 | D:1      | nomor the Spriggan Assassin began the quest for the Orb.
     0 | D:1      | Reached XP level 1. HP: 10/10 MP: 2/2
   357 | D:1      | Reached XP level 2. HP: 15/15 MP: 3/3
   371 | D:1      | Reached skill level 2 in Dodging
  1113 | D:2      | Found a stormy altar of Qazlal.
  1177 | D:2      | Found a faded altar of an unknown god.
  1177 | D:2      | Noticed Terence
  1197 | D:2      | Became a worshipper of Jiyva Jias the Shapeless
  1197 | D:2      | Reached * piety under Jiyva
  1209 | D:2      | Reached XP level 3. HP: 17/18 MP: 4/4
  1228 | D:2      | Reached skill level 3 in Dodging
  1230 | D:2      | Killed Terence
  1404 | D:2      | Found an iron altar of Okawaru.
  1486 | D:2      | Reached ** piety under Jiyva
  1748 | D:3      | Reached XP level 4. HP: 23/23 MP: 5/5
  2404 | D:3      | Reached skill level 4 in Dodging
  2625 | D:3      | Killed a two-headed ogre
  2639 | D:3      | Reached *** piety under Jiyva
  2639 | D:3      | Gained mutation: You have a pair of small horns on your head. [Jiyva's grace]
  2772 | D:3      | Found a snail-covered altar of Cheibriados.
  2843 | D:3      | Found a hazy altar of Hepliaklqana.
  2867 | D:3      | Gained mutation: Your translucent skin slightly reduces your foes' accuracy. (Stealth) [Jiyva's grace]
  2867 | D:3      | Reached **** piety under Jiyva
  2907 | D:3      | Killed Faustar's ghost
  3137 | D:4      | Noticed a phantom
  3139 | D:4      | Noticed a hungry ghost
  3158 | D:4      | Reached XP level 5. HP: 14/28 MP: 6/6
  3162 | D:4      | Found an opulent altar of Gozag.
  3165 | D:3      | Found a burning altar of Makhleb.
  3480 | D:4      | Found a sacrificial altar of Ru.
  3487 | D:4      | Killed an ogre
  3562 | D:4      | Killed a phantom
  3608 | D:4      | Noticed Pikel
  3609 | D:4      | Reached skill level 5 in Dodging
  3612 | D:4      | Noticed a slave
  3615 | D:4      | Noticed a slave
  3615 | D:4      | Noticed a slave
  3617 | D:4      | Noticed a slave
  3626 | D:4      | Killed a slave
  3662 | D:4      | Gained mutation: You are resistant to hostile enchantments. (MR+) [Jiyva's grace]
  3675 | D:4      | Killed a hungry ghost
  3727 | D:4      | Killed a slave
  3736 | D:4      | Killed Pikel
  3736 | D:4      | Reached skill level 6 in Dodging
  3736 | D:4      | Reached XP level 6. HP: 29/33 MP: 7/7
  3736 | D:4      | Reached XP level 7. HP: 33/37 MP: 8/8
  3885 | D:4      | Reached ***** piety under Jiyva
  4433 | D:5      | Entered Level 5 of the Dungeon
  4454 | D:5      | Noticed Sigmund
  4599 | D:5      | Lost mutation: You have a pair of small horns on your head. [Jiyva's grace]
  4667 | D:5      | Found a staircase to the Ecumenical Temple.
  4677 | Temple   | Entered the Ecumenical Temple
  5044 | D:5      | Reached skill level 7 in Dodging
  5513 | D:5      | Killed Sigmund
  5840 | D:6      | Found a sparkling altar of Nemelex Xobeh.
  5926 | D:6      | Lost mutation: You are resistant to hostile enchantments. (MR+) [Jiyva's grace]
  6319 | D:6      | HP: 1/38 [orc wizard/puff of frost (6)]
  6548 | D:6      | HP: 1/38 [orc warrior/trident (18)]
  6824 | D:5      | Gained mutation: You are robust. (+10% HP) [Jiyva's grace]
  7222 | D:6      | Got a creamy pearl robe
  7233 | D:6      | Identified the +1 robe of Neaguser {rCorr} (You found it on level 6 of the Dungeon)
  7693 | D:6      | Found a shadowy altar of Dithmenos.
  7814 | D:6      | Reached XP level 8. HP: 42/46 MP: 9/9
  7916 | D:7      | Noticed Menkaure
  8243 | D:7      | Killed Menkaure
  8243 | D:7      | Reached skill level 5 in Fighting
  8243 | D:7      | Reached skill level 8 in Dodging
  8406 | D:7      | Noticed a komodo dragon
  8415 | D:7      | Killed a komodo dragon
  8415 | D:7      | Reached skill level 5 in Short Blades
  8415 | D:7      | Reached skill level 9 in Dodging
  8614 | D:7      | Found a basalt altar of Yredelemnul.
  9300 | D:8      | Noticed a hippogriff
  9314 | D:8      | Killed a hippogriff
  9314 | D:8      | Reached skill level 10 in Dodging
  9314 | D:8      | Reached XP level 9. HP: 52/52 MP: 10/10
  9520 | D:8      | Lost mutation: You are robust. (+10% HP) [Jiyva's grace]
  9698 | D:8      | Slain by an orc warrior

Skill      XL: |  1  2  3  4  5  6  7  8  9 |
---------------+----------------------------+-----
Dodging        | 2 3 4 6 7 10 | 10.1
Fighting       | 2 4 6 |  6.0
Short Blades   | 3 4 5 |  5.9
Stealth        | 6 7 8 9 |  9.2
Throwing       | |  2.0

Action                   |  1- 3 |  4- 6 |  7- 9 || total
-------------------------+-------+-------+-------++-------
Melee: Short sword       |    31 |       |       ||    31
       Dagger            |    80 |   122 |   500 ||   702
       Headbutt          |       |    17 |    27 ||    44
       Whip              |       |       |    14 ||    14
       Hand axe          |       |       |     3 ||     3
Invok: Request Jelly     |       |     1 |       ||     1
       Slimify           |       |       |     1 ||     1
       Cure Bad Mutation |       |       |     1 ||     1
  Use: Scroll            |     5 |     1 |     4 ||    10
       Potion            |       |       |     5 ||     5
 Stab: Sleeping          |     8 |     3 |    17 ||    28
       Distracted        |     2 |     1 |     1 ||     4
  Eat: Bread ration      |       |     1 |       ||     1
       Pizza             |       |     1 |       ||     1
Armor: Robe              |     9 |     4 |    38 ||    51
Dodge: Dodged            |    93 |    88 |   396 ||   577
